 Dungeon Crawl Stone Soup version 0.13-a0-1553-g7307ddf (webtiles) character file.

237 Kae the Archer (level 5, 0/41 HPs)
             Began as a Centaur Hunter on June 10, 2013.
             Slain by a gnoll shaman
             ... wielding a +0,+0 whip
              (2 damage)
             ... on Level 3 of the Dungeon.
             The game lasted 00:04:38 (2946 turns).

Kae the Archer (Centaur Hunter)                     Turns: 2946, Time: 00:04:38

HP   0/41        AC  5     Str 14      XL: 5   Next: 32%
MP   3/3         EV  1     Int 10      God:
Gold 58          SH  0     Dex 11      Spells:  0 memorised,  4 levels left

Res.Fire  : . . .   See Invis. : .   a - +0 short sword
Res.Cold  : . . .   Warding    : .   d - +1 leather armour
Life Prot.: + + +   Conserve   : .   (no shield)
Res.Poison: +       Res.Corr.  : .   (no helmet)
Res.Elec. : .       Clarity    : .   (no cloak)
Sust.Abil.: . .     Spirit.Shd : .   (no gloves)
Res.Mut.  : .       Stasis     : .   (no barding)
Res.Rott. : +       Flight     : .   (no amulet)
Saprovore : . . .                    (no ring)
                                     (no ring)

@: petrified, very quick, slightly resistant to hostile enchantments, extremely
unstealthy
A: hooves 3, deformed body, herbivore 1, speed 2, fast metabolism 1, tough skin
3
a: no special abilities


You were on level 3 of the Dungeon.
You were not hungry.

You visited 1 branch of the dungeon, and saw 3 of its levels.

You collected 38 gold pieces.

Inventory:

Hand weapons
 a - a +0,+0 short sword (weapon)
 b - a +1,+1 bow
 m - a -1,-2 orcish dagger (quivered)
Missiles
 c - 49 arrows
Armour
 d - a +1 leather armour (worn)
Comestibles
 f - 2 bread rations
Scrolls
 g - 3 scrolls of identify
 h - 2 scrolls of teleportation
Jewellery
 i - an uncursed ring of hunger
 j - an uncursed ring of flight {unknown}
Potions
 e - 2 potions of heal wounds {unknown}
 k - a potion of restore abilities {unknown}
 l - a potion of magic {unknown}
 n - a potion of speed {unknown}
 p - 2 potions of poison {unknown}
 q - a potion of curing {unknown}
 s - 2 potions of might {unknown}
Miscellaneous
 r - a plain deck of changes


   Skills:
 - Level 1.0 Fighting
 + Level 8.8 Bows
 - Level 1.3 Dodging
 - Level 0.5 Stealth


You had 4 spell levels left.
You didn't know any spells.

Dungeon Overview and Level Annotations

Branches:
Dungeon (3/27)

Altars:
Nemelex Xobeh
Zin


Innate Abilities, Weirdness & Mutations

You have hooves in place of feet.
Armour fits poorly on your strangely shaped body.
You digest meat inefficiently.
You cover ground very quickly.
You have a fast metabolism.
You have extremely tough skin (AC +3).


Message History

You are too injured to fight recklessly!
You have turned to stone.
The gnoll hits you but does no damage.
The gnoll shaman invokes the aid of its god against you.
You resist. The gnoll hits you with a whip.
* * * LOW HITPOINT WARNING * * *
The gnoll shaman hits you with a whip.
* * * LOW HITPOINT WARNING * * *
The gnoll hits you with a whip.
* * * LOW HITPOINT WARNING * * *
The gnoll shaman hits you with a whip.
* * * LOW HITPOINT WARNING * * *
The gnoll hits you with a whip.
* * * LOW HITPOINT WARNING * * *
The gnoll shaman barely misses you. The gnoll hits you with a whip.
* * * LOW HITPOINT WARNING * * *
The gnoll shaman hits you with a whip.
You die...

..........################.#.####
####.......%.....)....))...#..
###############..#############
............................
≈≈≈≈≈≈≈≈≈≈≈≈≈≈≈....≈≈≈≈≈≈≈≈≈
≈≈≈≈≈≈≈≈≈≈≈≈≈≈≈....≈≈≈≈≈≈≈≈≈
###≈≈≈≈≈≈≈≈≈≈≈≈....≈≈≈≈≈≈≈≈≈≈
g.#.............)............
..#############'@''########## #g#
#gg..# #g. #%...# #.#
....'....'....... #.#
############### #. # # #.


You could see a gnoll shaman and a gnoll.

Vanquished Creatures
  9 gnolls (D:3)
  An adder (D:2)
  A giant mite (D:2)
  3 giant geckos
  An ooze (D:1)
  2 ball pythons
  3 bats (D:1)
  A giant cockroach (D:3)
  9 hobgoblins
  22 jackals
  6 kobolds
  A quokka (D:3)
  6 giant newts
  5 goblins
  2 rats
72 creatures vanquished.

Vanquished Creatures (others)
  A jackal (D:3)
  A kobold (D:1)
2 creatures vanquished.

Grand Total: 74 creatures vanquished

Notes
Turn   | Place    | Note
--------------------------------------------------------------
     0 | D:1      | Kae, the Centaur Hunter, began the quest for the Orb.
     0 | D:1      | Reached XP level 1. HP: 17/17 MP: 0/0
   155 | D:1      | Reached XP level 2. HP: 14/24 MP: 1/1
   161 | D:1      | Reached skill level 6 in Bows
   546 | D:1      | Reached XP level 3. HP: 18/29 MP: 2/2
   829 | D:2      | Reached skill level 7 in Bows
  1688 | D:3      | Reached XP level 4. HP: 33/36 MP: 2/2
  1689 | D:3      | Found a glowing silver altar of Zin.
  1980 | D:3      | Found a sparkling altar of Nemelex Xobeh.
  2257 | D:3      | Reached skill level 8 in Bows
  2414 | D:3      | Reached XP level 5. HP: 18/41 MP: 3/3
  2946 | D:3      | HP: 2/41 [gnoll/whip (2)]
  2946 | D:3      | Slain by a gnoll shaman

Action                   |  1- 3 |  4- 6 || total
-------------------------+-------+-------++-------
Melee: Short sword       |   131 |    63 ||   194
       Dagger            |     7 |    47 ||    54
 Fire: Bow               |     5 |    24 ||    29
  Use: Scroll            |     6 |     2 ||     8
